 Dungeon Crawl Stone Soup version 0.25-a0-822-g6581751b11 (webtiles) character file.

Game seed: 7643668497793239046, levelgen mode: deterministic

2144 tilp the Bolt Thrower (level 9, -2/52 HPs)
             Began as a Kobold Arcane Marksman on Apr 20, 2020.
             Was a Priest of Okawaru.
             Slain by Harold
             ... wielding a +0 short sword
              (9 damage)
             ... on level 7 of the Dungeon.
             The game lasted 00:21:28 (9908 turns).

tilp the Bolt Thrower (Kobold Arcane Marksman)      Turns: 9908, Time: 00:21:28

Health: -2/52      AC:  6    Str:  9    XL:     9   Next: 56%
Magic:  13/13      EV: 15    Int: 16    God:    Okawaru [***...]
Gold:   341        SH:  6    Dex: 15    Spells: 3/12 levels left

rFire    . . .     SeeInvis .   a - +0 hand crossbow
rCold    . . .     Gourm    .   y - +0 buckler
rNeg     . . .     Faith    .   p - +0 leather armour
rPois    .         Spirit   .   (no helmet)
rElec    .         Reflect  .   I - +0 cloak
rCorr    .         Harm     .   D - +0 pair of gloves
MR       .....                  g - +0 pair of boots
Stlth    ++........             O - amulet of the acrobat
HPRegen  0.17/turn              s - ring of wizardry
MPRegen  0.13/turn              (no ring)

@: no status effects
A: small, carnivore
a: Heroism, Renounce Religion


You were on level 7 of the Dungeon.
You worshipped Okawaru.
Okawaru was most pleased with you.
You were very full.

You visited 1 branch of the dungeon, and saw 7 of its levels.

You collected 341 gold pieces.

Inventory:

Hand Weapons
 a - a +0 hand crossbow (weapon)
 b - a +2 vorpal flail
 v - a +0 trident
 B - a +0 rapier
 F - a +0 whip of electrocution
Missiles
 d - 38 bolts (quivered)
 e - 7 boomerangs
 f - 18 poisoned darts
 E - 7 curare-tipped darts
Armour
 g - a +0 pair of boots (worn)
 p - a +0 leather armour (worn)
 y - a +0 buckler (worn)
 D - a +0 pair of gloves (worn)
 I - a +0 cloak (worn)
Jewellery
 s - a ring of wizardry (left hand)
 C - an uncursed ring of ice
 O - an amulet of the acrobat (around neck)
Wands
 t - a wand of flame (20)
 G - a wand of disintegration (12)
 L - a wand of polymorph (7)
 N - a wand of acid (4)
Scrolls
 i - 3 scrolls of teleportation
 j - 6 scrolls of remove curse
 m - a scroll of magic mapping {unknown}
 o - 2 scrolls of blinking
 u - a scroll of enchant weapon {unknown}
 w - a scroll of amnesia {unknown}
 x - 3 scrolls of immolation
Potions
 h - 4 potions of flight
 k - 5 potions of curing
 l - 3 potions of invisibility
 n - 2 potions of haste
 q - 4 potions of heal wounds {unknown}
 r - a potion of brilliance {unknown}
 z - a potion of might
 H - 2 potions of mutation {unknown}
 J - a potion of lignification {unknown}
 M - a potion of ambrosia {unknown}
Comestibles
 c - 11 rations


   Skills:
 + Level 4.4 Fighting
 - Level 6.0 Crossbows
 + Level 3.2 Dodging
 + Level 2.2 Stealth
 - Level 4.0 Shields
 - Level 2.0 Spellcasting
 - Level 6.0 Hexes
 - Level 6.0 Invocations
 - Level 4.0 Evocations


You had 3 spell levels left.
You knew the following spells:

 Your Spells              Type           Power        Failure   Level  Hunger
a - Corona                Hex            ###....      1%          1    #......
b - Slow                  Hex            ###.....     1%          2    ###....
c - Portal Projectile     Hex/Tloc       ##....       12%         3    ###....
d - Confusing Touch       Hex            ###.....     3%          3    ###....

Your spell library contained the following spells:

 Spells                   Type           Power        Failure   Level  Hunger
 Dazzling Flash           Conj/Hex       ##....       12%         3    ###....
 Inner Flame              Hex/Fire       ##......     12%         3    ###....
 Magic Dart               Conj           #...         13%         1    #......
 Shock                    Conj/Air       #...         13%         1    #......
 Searing Ray              Conj           #.....       21%         2    ###....
 Swiftness                Chrm/Air       #.......     21%         2    ###....
 Gell's Gravitas          Tloc           #.........   36%         3    ###....
 Static Discharge         Conj/Air       #.......     36%         3    ###....
 Cause Fear               Hex            ###.......   12%         4    #####..
 Fulminant Prism          Conj/Hex       ##........   34%         4    #####..
 Leda's Liquefaction      Hex/Erth       ##........   34%         4    #####..
 Metabolic Englaciation   Hex/Ice        ##........   69%         5    ######.
 Yara's Violent Unravell  Hex/Tmut       ##........   69%         5    ######.
 Airstrike                Air            #.........   75%         4    #####..
 Iskenderun's Mystic Bla  Conj/Tloc      #.......     75%         4    #####..
 Petrify                  Tmut/Erth      #.......     75%         4    #####..
 Lightning Bolt           Conj/Air       #.........   97%         5    ######.


Dungeon Overview and Level Annotations

Branches:
Dungeon (7/15)             Temple (0/1) D:4

Altars:
Dithmenos
Elyvilon
Okawaru
Uskayaw
Vehumet
Xom
The Shining One
Beogh

Shops:
D:4 =   D:6 :

Annotations:
D:2 Terence
D:5 3 runed translucent doors, Esekla's ghost, novice TeVM
D:7 Duvessa; Harold


Innate Abilities, Weirdness & Mutations

You are small and have problems with some larger weapons.
You are carnivorous and can eat meat at any time.


Message History

Harold zaps a wand.
The mass of ice explodes!
The iceblast engulfs you!!
* * * LOW HITPOINT WARNING * * *
Unknown command.
You cannot shoot with your hand crossbow while held in a net.
Unknown command.
You rip the net and break free!
Firing (i - inventory. (/) - cycle)
d - 40 bolts (quivered)
Press: ? - help, Shift-Dir - straight line, f/p - Harold
Aim: Harold, wielding a +0 short sword, wearing a +0 chain mail and carrying a wand of iceblast (7) (heavily wounded, covered in acid)
You shoot a bolt. The bolt hits Harold.
Harold is severely wounded.
Harold hits you with a +0 short sword!
* * * LOW HITPOINT WARNING * * *
All of the chunks of flesh in your inventory have rotted away.
Firing (i - inventory. (/) - cycle)
d - 39 bolts (quivered)
Press: ? - help, Shift-Dir - straight line, f/p - Harold
Aim: Harold, wielding a +0 short sword, wearing a +0 chain mail and carrying a wand of iceblast (7) (heavily wounded, covered in acid)
You shoot a bolt. The bolt barely misses Harold.
You block Harold's attack. Harold hits you with a +0 short sword!
You die...

. ##### ..#...# #####
.l%..# #...#
...#.####### ######...#
...#.#.....####........#
...#............#......#
#............####.##...#
.............#(@@(##...#
............(..#########
.............###########
(............#.........#
.............#.........#
.............#.........#
......@................#
.##....................#
.......................#


You could see Harold.

Vanquished Creatures
  A hippogriff (D:7)
  An orc warrior (D:6)
  An ice beast (D:5)
  A sky beast (D:7)
  2 phantoms
  3 ogres
  2 centaurs
  3 bullfrogs
  2 scorpions (D:6)
  A centaur zombie (D:3)
  3 bullfrog zombies
  A crimson imp (D:5)
  A jelly (D:6)
  An orc priest (D:5)
  7 orc wizards
  7 worker ants
  A hound zombie (D:6)
  A hound skeleton (D:2)
  A worker ant zombie (D:6)
  2 adders
  7 gnolls
  A shadow imp (D:7)
  2 adder skeletons
  3 dart slugs
  6 leopard geckos
  20 orcs
  A ball python (D:2)
  11 bats
  5 giant cockroaches
  4 goblins
  5 hobgoblins
  9 jackals
  A quokka (D:4)
  2 frilled lizards (D:3)
  A jackal skeleton (D:4)
  2 kobolds (D:1)
  A leopard gecko skeleton (D:6)
  A leopard gecko zombie (D:6)
  3 rats
127 creatures vanquished.

Notes
Turn   | Place    | Note
-------+----------+-------------------------------------------
     0 | D:1      | tilp the Kobold Arcane Marksman began the quest for the
                  | Orb.
     0 | D:1      | Reached XP level 1. HP: 12/12 MP: 2/2
   253 | D:1      | Reached XP level 2. HP: 6/16 MP: 3/3
   257 | D:1      | Learned a level 2 spell: Slow
   635 | D:1      | You fall into a shaft and drop 1 floor!
   878 | D:1      | Reached XP level 3. HP: 13/20 MP: 4/4
  1500 | D:2      | Noticed Terence
  1889 | D:2      | Found an iron altar of Okawaru.
  1901 | D:2      | Became a worshipper of Warmaster Okawaru
  2628 | D:2      | Reached skill level 5 in Crossbows
  2628 | D:2      | Reached XP level 4. HP: 21/25 MP: 1/5
  2747 | D:3      | Reached XP level 5. HP: 13/29 MP: 6/6
  3755 | D:3      | Reached XP level 6. HP: 24/37 MP: 7/7
  4027 | D:3      | Learned a level 3 spell: Portal Projectile
  4144 | D:4      | Reached skill level 1 in Shields
  4158 | D:4      | Found a staircase to the Ecumenical Temple.
  4256 | D:4      | Noticed an ogre
  4271 | D:4      | Killed an ogre
  4271 | D:4      | Reached * piety under Okawaru
  4317 | D:4      | Found Gaoxkudgh's Jewellery Boutique.
  4401 | D:4      | Reached XP level 7. HP: 36/43 MP: 4/8
  4745 | D:4      | Found a white marble altar of Elyvilon.
  4745 | D:4      | Found a radiant altar of Vehumet.
  4746 | D:4      | Found a shimmering altar of Xom.
  4777 | D:4      | Found a glowing golden altar of the Shining One.
  4967 | D:5      | Entered Level 5 of the Dungeon
  5151 | D:5      | Found a radiant altar of Vehumet.
  5814 | D:5      | Reached skill level 1 in Invocations
  6067 | D:5      | Reached ** piety under Okawaru
  6067 | D:5      | Reached XP level 8. HP: 48/48 MP: 10/10
  6429 | D:5      | Found a runed translucent gate.
  6429 | D:5      | Found a runed translucent gate.
  6429 | D:5      | Found a runed translucent gate.
  6432 | D:5      | Noticed Esekla's ghost (novice TeVM)
  6435 | D:5      | Identified the +3 mace of Subterfuge {holy, rN+}
  7099 | D:5      | Found a hide-covered altar of Uskayaw.
  7234 | D:5      | Found a roughly hewn altar of Beogh.
  7444 | D:6      | Reached skill level 5 in Hexes
  7942 | D:6      | Found a shadowy altar of Dithmenos.
  8064 | D:6      | Reached skill level 5 in Invocations
  8064 | D:6      | Reached XP level 9. HP: 52/52 MP: 10/12
  8376 | D:6      | Found Jyroyfas's Book Boutique.
  8769 | D:7      | Noticed a hippogriff
  8842 | D:7      | Reached skill level 1 in Evocations
  9174 | D:7      | Killed a hippogriff
  9174 | D:7      | Reached *** piety under Okawaru
  9174 | D:7      | Reached skill level 1 in Stealth
  9338 | D:7      | Learned a level 3 spell: Confusing Touch
  9359 | D:7      | Noticed Harold
  9379 | D:7      | Noticed Duvessa
  9908 | D:7      | Slain by Harold

Levels and vault maps discovered:
D:1:      dpeg_arrival_connections, layout_basic
D:2:      layout_basic, lemuel_crystal_altar, uniq_terence
D:3:      layout_basic, first_ration
D:4:      layout_basic, nicolae_overflow_quartered_altars,
          minmay_temple_entry_hall, serial_shops, shop
D:5:      layout_cave_pods, lemuel_round_altar, biasface_ghost_orc_armoury,
          basic_altar
D:6:      layout_cave_pods, lemuel_crystal_altar, serial_column_ruins,
          column_ruins_hut, column_ruins_open_tiny, column_ruins_open_small,
          column_ruins_open_tiny, column_ruins_grid_1, serial_shops,
          nicolae_shop_crystal
D:7:      layout_rooms, kennysheep_mini, uniq_duvessa, uniq_harold

Skill      XL: |  1  2  3  4  5  6  7  8  9 |
---------------+----------------------------+-----
Crossbows      | 3 4 5 6 |  6.0
Fighting       | 3 4 |  4.4
Shields        | 2 4 |  4.0
Invocations    | 1 5 6 |  6.0
Spellcasting   | 2 |  2.0
Hexes          | 5 6 |  6.0
Evocations     | 4 |  4.0
Stealth        | 2 |  2.2
Dodging        | 3 |  3.2

Action                   |  1- 3 |  4- 6 |  7- 9 || total
-------------------------+-------+-------+-------++-------
Melee: Dagger            |    76 |    17 |       ||    93
       Whip              |     2 |       |    13 ||    15
       Trident           |       |    38 |    35 ||    73
       Rapier            |       |       |    15 ||    15
       Flail             |       |       |    78 ||    78
       Hand crossbow     |       |       |     1 ||     1
 Fire: Hand crossbow     |    28 |    72 |   199 ||   299
Throw: Dart              |    36 |     5 |       ||    41
 Cast: Corona            |    13 |     7 |    24 ||    44
       Slow              |     1 |     1 |    15 ||    17
Evoke: Wand              |       |       |     3 ||     3
  Use: Scroll            |       |     7 |     2 ||     9
 Stab: Sleeping          |       |     2 |       ||     2
  Eat: Chunk             |    12 |     8 |    18 ||    38
Armor: Robe              |    22 |       |       ||    22
       Leather armour    |    12 |    27 |    53 ||    92
Dodge: Dodged            |   127 |    57 |   163 ||   347
Block: Buckler           |       |       |    51 ||    51

Table legend:
 A = Non-vault XP
 B = Vault XP
 C = Vault XP percentage of total XP
 D = Non-vault monster count
 E = Vault monster count
 F = Vault count percentage of total count
                 A         B        C        D         E       F
            +---------+---------+-------+---------+---------+-------
      Total |    3063 |       0 |   0.0 |     127 |       0 |   0.0
            +---------+---------+-------+---------+---------+-------
        D:1 |      33 |       0 |   0.0 |      18 |       0 |   0.0
        D:2 |      70 |       0 |   0.0 |      10 |       0 |   0.0
        D:3 |     177 |       0 |   0.0 |      20 |       0 |   0.0
        D:4 |     501 |       0 |   0.0 |      20 |       0 |   0.0
        D:5 |     694 |       0 |   0.0 |      29 |       0 |   0.0
        D:6 |     826 |       0 |   0.0 |      20 |       0 |   0.0
        D:7 |     762 |       0 |   0.0 |      10 |       0 |   0.0
            +---------+---------+-------+---------+---------+-------
